Map: Newkirk Precinct TE (Void)

Players

Musumeci - Winner!

  • Race: Zerg Zerg
  • League: Diamond
  • Spawn Location: 5:00

EXACTLY

  • Race: Terran Terran
  • League: Diamond
  • Spawn Location: 7:00

VOD

Have the link to the VOD?

Description

Time

  • Played on: April 3, 2017, 5:44 a.m.
  • Length: 19:40
Show
View Real Time Build Order
Export as new Build Order

Musumeci Zerg - Winner!

Build Orders: Hatch First 

Get SALT Encoding   

  12  0:01  Drone  
  13  0:08  Drone  
  14  0:15  Extractor  
  14  0:16  Drone  
  15  0:45  Extractor  
  15  0:47  Hatchery, Drone  
  15  1:03  Spawning Pool  
  14  1:08  Drone, Extractor  
  14  1:11  Extractor  
  13  1:12  Drone  
  16  1:19  Overlord  
  16  1:37  Drone x2  
  18  1:41  Drone  
  19  1:50  Queen  
  19  1:52  Drone  
  22  1:58  Queen  
  22  2:00  Drone  
  25  2:02  Drone  
  26  2:09  Overlord  
  26  2:16  Drone  
  26  2:21  Drone  
  28  2:27  Queen  
  28  2:28  Extractor  
  29  2:33  Drone  
  29  2:34  Drone  
  29  2:36  Queen  
  33  2:41  Overlord  
  33  2:43  Extractor  
  34  2:44  Drone  
  34  2:48  Overlord  
  34  2:56  Extractor  
  34  2:57  Drone x2  
  36  3:08  Extractor  
  36  3:09  Drone x2, Extractor  
  36  3:12  Roach Warren  
  35  3:16  Extractor  
  35  3:17  Drone  
  35  3:18  Drone x4  
  41  3:25  Drone  
  41  3:33  Hatchery  
  40  3:44  Drone  
  40  3:45  Drone x3  
  44  3:53  Evolution Chamber  
  44  3:54  Evolution Chamber  
  42  3:55  Overlord  
  42  3:58  Overlord  
  42  4:07  Roach  
  42  4:08  Roach x2  
  50  4:10  Roach  
  50  4:18  Lair  
  50  4:20  Extractor  
  50  4:23  Extractor  
  48  4:25  Drone x3  
  48  4:26  Drone  
  48  4:28  Drone x2  
  48  4:30  Drone  
  55  4:44  Drone x2  
  57  4:46  Drone x3  
  57  4:48  Roach  
  57  4:51  Roach  
  57  4:52  Roach  
  66  4:55  Roach  
  66  4:56  Roach  
  70  5:04  Roach x2  
  74  5:21  Spore Crawler  
  74  5:22  Spore Crawler  
  74  5:23  Spore Crawler  
  74  5:26  Spore Crawler  
  74  5:27  Roach x2  
  74  5:29  Overlord x3  
  74  6:01  Drone  
  74  6:02  Drone x12  
  87  6:05  Glial Reconstitution  
  87  6:06  Zerg Missile Weapons Level 1  
  87  6:07  Zerg Ground Armor Level 1  
  87  6:10  Ravager  
  88  6:16  Drone x2  
  88  6:17  Drone x2  
  96  6:25  Roach x2  
  96  6:26  Roach  
  98  6:36  Extractor  
  98  6:37  Drone  
  98  6:38  Extractor  
  98  6:39  Drone, Overlord  
  98  6:40  Overlord x3  
  98  6:58  Ravager x4  
  102  7:25  Drone x2  
  102  7:26  Drone  
  102  7:27  Drone  
  106  7:30  Roach  
  106  7:31  Roach x11  
  130  8:10  Overlord x8  
  130  8:11  Zerg Missile Weapons Level 2, Zerg Ground Armor Level 2  
  130  8:30  Ravager x3  
  130  8:31  Ravager x12  
  130  8:32  Extractor, Ravager  
  130  8:33  Roach  
  147  8:35  Hatchery  
  147  8:37  Drone x6  
  147  8:38  Overlord  
  147  8:40  Extractor  
  151  8:47  Roach x3  
  157  9:02  Spore Crawler  
  157  9:03  Spine Crawler  
  157  9:04  Spore Crawler  
  154  9:22  Drone x2  
  154  9:23  Overlord x2  
  154  9:24  Overlord  
  156  9:26  Overlord x2  
  156  9:35  Infestation Pit  
  156  9:36  Ravager x2  
  148  10:17  Roach x7  
  148  10:18  Roach x5  
  172  10:31  Hatchery  
  171  10:40  Hatchery, Roach  
  171  10:41  Roach x5  
  182  10:43  Drone x3  
  182  10:44  Drone x3  
  188  10:52  Hive  
  188  11:09  Ravager x4  
  188  11:10  Ravager x2  
  194  11:12  Burrow  
  194  11:13  Tunneling Claws  
  194  12:15  Overlord  
  194  12:16  Overlord  
  194  12:32  Drone  
  194  12:33  Drone x5  
  194  12:35  Spine Crawler  
  199  12:54  Spore Crawler x2  
  197  13:08  Zerg Missile Weapons Level 3, Zerg Ground Armor Level 3  
  177  13:30  Roach x11  
  157  14:17  Roach x11  
  157  14:18  Roach x7  
  175  14:35  Roach x18  
  178  14:55  Hatchery  
  178  14:58  Roach  
  178  14:59  Roach x9  
  197  15:05  Roach  
  171  15:56  Roach x2  
  129  16:00  Roach x13  
  114  16:20  Ravager x2  
  114  16:21  Ravager x13  
  114  16:22  Roach x12  
  151  16:34  Roach x4  
  159  16:51  Extractor  
  158  17:04  Roach x10  
  164  17:19  Roach x8  
  164  17:20  Roach x9  
  174  17:40  Ravager x16  
  174  17:41  Ravager x4  
  174  17:43  Roach  
  194  17:55  Roach  
  194  17:57  Roach x4  
  194  17:58  Roach  
  194  18:12  Roach  
  194  18:14  Roach x5  
  175  19:02  Hatchery  
  172  19:11  Hatchery  
  172  19:14  Hatchery  
  170  19:21  Spire  
Show
View Real Time Build Order
Export as new Build Order

EXACTLY Terran 

Build Orders: Reaper Expand, MMM Bio 

Get SALT Encoding   

  12  0:01  SCV  
  13  0:13  SCV  
  14  0:19  Supply Depot  
  14  0:25  SCV  
  15  0:40  SCV  
  15  0:41  Barracks  
  16  0:46  Refinery  
  16  0:52  SCV  
  17  1:04  SCV  
  18  1:16  SCV  
  19  1:29  Orbital Command, Reaper  
  20  1:49  Command Center  
  20  1:57  SCV  
  21  2:04  Barracks Reactor  
  21  2:13  Barracks  
  21  2:20  Supply Depot  
  21  2:30  SCV  
  21  2:33  Refinery  
  22  2:42  SCV, Marine x2  
  25  2:45  Factory  
  25  2:55  SCV  
  26  3:07  SCV, Barracks Tech Lab  
  26  3:08  Marine x2  
  29  3:13  Orbital Command  
  29  3:29  Marine x2  
  29  3:31  Starport, Stimpack  
  29  3:33  Factory Reactor  
  31  3:36  SCV  
  31  3:39  SCV  
  33  3:45  Marine  
  33  3:47  Marine  
  35  3:51  SCV x2  
  37  4:04  SCV x2  
  37  4:05  Supply Depot  
  37  4:08  Marine x3  
  42  4:16  SCV x2  
  44  4:17  Medivac  
  46  4:27  Marine x3, Medivac  
  46  4:28  SCV x2  
  53  4:31  Supply Depot  
  53  4:40  SCV  
  54  4:47  Command Center  
  54  4:51  Supply Depot  
  54  4:53  SCV, Marine x3  
  54  4:57  Supply Depot  
  58  5:03  Medivac x2  
  62  5:13  SCV x2, Marine  
  62  5:14  Marine x2  
  65  5:15  Bunker, Factory Reactor  
  67  5:25  SCV x2  
  67  5:26  Liberator  
  67  5:27  Refinery  
  69  5:30  Engineering Bay  
  69  5:34  Barracks  
  69  5:35  Marine  
  69  5:36  Marine x2  
  72  5:53  Marine x2  
  74  5:58  Refinery  
  74  6:01  Orbital Command  
  74  6:02  Terran Infantry Weapons Level 1  
  73  6:04  SCV  
  73  6:05  SCV  
  73  6:07  Factory Tech Lab  
  73  6:08  Supply Depot  
  75  6:13  Liberator  
  75  6:16  Barracks  
  75  6:17  Barracks, Marine x3  
  78  6:20  SCV x2  
  80  6:26  Siege Tank  
  80  6:27  Barracks Tech Lab  
  80  6:32  Orbital Command  
  86  6:34  Marine  
  86  6:38  Marine x3  
  86  6:39  Marauder  
  92  6:42  SCV x2  
  94  6:52  Marine  
  95  6:58  Marine x3  
  95  7:00  Marauder  
  100  7:07  SCV  
  101  7:10  Engineering Bay  
  101  7:14  Armory  
  101  7:32  Supply Depot  
  101  7:36  Supply Depot  
  101  7:41  Marine  
  101  7:43  SCV  
  101  7:44  Marine  
  101  7:51  Marine x2  
  101  7:52  SCV  
  101  7:54  Marauder, Marine x2  
  101  7:56  Supply Depot  
  105  7:59  Marine, Supply Depot  
  105  8:04  SCV  
  107  8:09  Marine  
  107  8:11  Marine x2  
  111  8:14  Barracks Tech Lab  
  111  8:15  Barracks Tech Lab  
  111  8:16  Marauder  
  111  8:17  Marine  
  111  8:19  Terran Infantry Weapons Level 2, Barracks  
  112  8:20  Terran Infantry Armor Level 1  
  112  8:21  Barracks  
  112  8:26  Medivac  
  114  8:27  Marine  
  115  8:37  SCV x3, Marine, Sensor Tower  
  115  8:38  Marauder  
  115  8:39  Supply Depot  
  115  8:41  Supply Depot  
  121  8:43  Marine  
  121  8:44  Marauder, Marine  
  121  8:45  Combat Shields  
  121  8:46  Concussive Shells  
  125  8:58  SCV x2  
  127  9:03  Supply Depot  
  127  9:04  Marauder, Marine x5  
  134  9:14  Marine x2  
  134  9:15  Marauder  
  138  9:19  SCV x3  
  138  9:20  Supply Depot  
  138  9:21  Marine  
  138  9:22  Marine x4, Supply Depot x2  
  146  9:26  Marauder  
  146  9:27  Medivac x2  
  152  9:35  SCV x3  
  155  9:42  Missile Turret  
  149  9:52  Marauder, Marine x3, Siege Tank  
  152  9:53  Marine x5  
  156  10:10  Marine  
  154  10:44  Supply Depot x3  
  154  10:45  Supply Depot  
  154  10:48  Liberator x2  
  154  11:05  Marine x4  
  154  11:06  Marauder x3, Marine x2, Siege Tank  
  175  11:21  Supply Depot  
  175  11:22  Supply Depot  
  175  11:23  Marine x4, Supply Depot  
  175  11:24  Marine x2, Supply Depot  
  181  11:30  Marine x2  
  180  11:45  Marine  
  181  12:09  Medivac  
  181  12:17  Command Center  
  181  12:20  Sensor Tower  
  181  12:32  Terran Infantry Armor Level 2, Terran Infantry Weapons Level 3  
  181  13:02  Liberator  
  181  13:06  Liberator  
  181  13:18  Marine x3  
  181  13:19  Marauder, Marine x3  
  181  13:20  Marauder, Siege Tank  
  181  13:21  Marauder  
  155  13:36  Marine x3  
  155  13:37  Marine x3  
  155  13:40  Marauder  
  165  13:41  Marauder  
  165  13:42  Marauder  
  165  13:45  Liberator  
  161  13:49  Liberator  
  161  13:52  Siege Tank  
  161  13:54  Marine x3  
  161  13:55  Marine x3  
  158  14:01  Marauder  
  156  14:03  Marauder x2  
  157  14:12  Marine x4  
  157  14:13  Marine x2  
  135  14:23  Marauder  
  123  14:24  Marauder, Siege Tank  
  123  14:25  Marauder  
  123  14:30  Marine x6  
  119  14:32  Supply Depot  
  119  14:36  Supply Depot  
  113  14:41  Supply Depot  
  113  14:44  Marauder  
  113  14:45  Marauder, Medivac  
  108  14:46  Marine  
  108  14:47  Marine x3  
  108  14:48  Marine x3, Supply Depot  
  108  14:49  Medivac  
  114  14:57  Siege Tank  
  117  15:04  Marauder  
  117  15:05  Marine x3  
  117  15:06  Marauder, Marine x3  
  129  15:07  Marauder  
  129  15:10  Orbital Command  
  129  15:19  Missile Turret  
  129  15:23  Marine x3  
  129  15:25  Marauder  
  134  15:29  SCV, Siege Tank  
  93  15:58  Marine  
  77  16:06  SCV  
  67  16:26  Marauder, Marine x2  
  67  16:31  SCV  
  72  16:38  Marine x2  
  74  16:49  Marine x2  
  74  16:50  Marauder  
  78  16:59  Marauder, Marine x5  
  82  17:07  Marine x2  
  84  17:11  Marauder  
  77  17:17  Marine x2  
  54  18:03  Orbital Command  
Tags
 
Add a new tag
Caveats
  • Supply blocks, unpowered buildings, or Contaminate may cause inaccurate times.
  • Supply counts are checked every 10 seconds.